 Dungeon Crawl Stone Soup version 0.26-a0-26-ge22fd8933b (webtiles) character file.

Game seed: 7217574197757849543, levelgen mode: deterministic

175 FHLogan the Slinger (level 5, -3/34 HPs)
             Began as a Halfling Hunter on May 27, 2020.
             Was an Initiate of the Shining One.
             Slain by an orc priest
             ... wielding a +0 trident
              (6 damage)
             ... on level 4 of the Dungeon.
             The game lasted 00:14:27 (2860 turns).

FHLogan the Slinger (Halfling Hunter)               Turns: 2860, Time: 00:14:27

Health: -3/34      AC:  4    Str: 13    XL:     5   Next: 86%
Magic:  5/5        EV: 15    Int:  9    God:    the Shining One [......]
Gold:   84         SH:  0    Dex: 16    Spells: 4/4 levels left

rFire    + . .     SeeInvis .   a - +1 hunting sling
rCold    x . .     Gourm    .   (shield restricted)
rNeg     . . .     Faith    .   c - +0 leather armour
rPois    .         Spirit   .   n - +0 helmet
rElec    .         Reflect  .   (no cloak)
rCorr    .         Harm     .   (no gloves)
MR       .....                  (no boots)
Stlth    +.........             (no amulet)
HPRegen  0.11/turn              i - ring of fire
MPRegen  0.09/turn              (no ring)

@: slowed, glowing, very slow
A: small, mutation resistance 1
a: Renounce Religion


You were on level 4 of the Dungeon.
You worshipped the Shining One.
The Shining One was noncommittal.
You were not hungry.

You visited 1 branch of the dungeon, and saw 4 of its levels.

You collected 84 gold pieces.

Inventory:

Hand Weapons
 a - a +1 hunting sling (weapon)
 b - a +0 short sword
 l - a +0 flail
Missiles
 d - 6 sling bullets (quivered)
 e - 129 stones
 t - 24 arrows
Armour
 c - a +0 leather armour (worn)
 g - a +2 buckler
 n - a +0 helmet (worn)
Jewellery
 i - a ring of fire (left hand)
Scrolls
 h - a scroll of random uselessness {unknown}
 j - a scroll of amnesia {unknown}
 k - 3 scrolls of teleportation
 o - 2 scrolls of fog {unknown}
 p - 3 scrolls of remove curse
 r - a scroll of magic mapping {unknown}
 s - 3 scrolls of identify
 u - a scroll of noise {unknown}
Potions
 m - 2 potions of lignification
 q - a potion of haste {unknown}
 v - a potion of degeneration {unknown}
 w - a potion of curing {unknown}
Comestibles
 f - 2 rations


   Skills:
 + Level 2.2 Fighting
 + Level 8.7 Slings
 + Level 1.8 Armour
 + Level 2.5 Dodging
 + Level 1.1 Stealth


You had 4 spell levels left.
You didn't know any spells.
Your spell library was empty.

Dungeon Overview and Level Annotations

Branches:
Dungeon (4/15)             Temple (0/1) D:4

Altars:
Nemelex Xobeh
Uskayaw
The Shining One


Innate Abilities, Weirdness & Mutations

You are small and have problems with some larger weapons.
You are somewhat resistant to further mutation.


Message History

Pain shoots through your body!
Firing (i - inventory. (/) - cycle)
d - 8 sling bullets (quivered)
Press: ? - help, Shift-Dir - straight line, f/p - orc priest
Aim: an orc priest, wielding a +0 trident (lightly wounded)
You shoot a sling bullet. The sling bullet hits the orc priest.
The orc priest is lightly wounded.
Firing (i - inventory. (/) - cycle)
d - 7 sling bullets (quivered)
Press: ? - help, Shift-Dir - straight line, f/p - orc priest
Aim: an orc priest, wielding a +0 trident (lightly wounded)
You shoot a sling bullet. The sling bullet hits the orc priest.
The orc priest is heavily wounded.
The orc wizard gestures at you while chanting.
The magic dart hits you.
The orc priest calls down the wrath of Beogh upon you.
Beogh smites you!
* * * LOW HITPOINT WARNING * * *
The orc wizard mumbles some strange words.
The orc wizard blinks!
The orc priest hits you from afar with a +0 trident.
You die...

#.#.#.#..# #.... .<(...
#.#.#.#..#.#.#........#. .
#.#.#....#.#........#(... .
#.#...#.##.#..<.....(>..#..
#.###.#.##.#....#(.<..#..
#.# ..#.##.#?.#.(.ยง.....
#.#.###.##.#...o....#.#
#.#. #.##.#.....###..# #.#
#........@......# #.#
####.#########..# #.#
#........ ..... #.#
######### #.#.#.#
#.#.#################.# #
#.#.##................#
#.#.##.##########.#####.#
#.#.##.# #.......# #.#.##.#
#.#######


You could see an orc priest.

Vanquished Creatures
  A howler monkey (D:4)
  An orc priest (D:4)
  3 adders (D:2)
  An ooze (D:1)
  2 worms
  6 leopard geckos
  An orc (D:3)
  2 bats
  4 giant cockroaches
  7 goblins
  8 hobgoblins
  9 jackals
  6 kobolds
  5 frilled lizards
  6 rats
62 creatures vanquished.

Notes
Turn   | Place    | Note
-------+----------+-------------------------------------------
     0 | D:1      | FHLogan the Halfling Hunter began the quest for the Orb.
     0 | D:1      | Reached XP level 1. HP: 14/14 MP: 1/1
    94 | D:1      | Reached skill level 6 in Slings
   173 | D:1      | Reached XP level 2. HP: 19/19 MP: 2/2
   462 | D:1      | Reached XP level 3. HP: 24/24 MP: 3/3
   495 | D:1      | Reached skill level 7 in Slings
   815 | D:2      | You fall into a shaft and drop 1 floor!
   835 | D:2      | Reached XP level 4. HP: 19/29 MP: 4/4
  1529 | D:2      | Found a sparkling altar of Nemelex Xobeh.
  1770 | D:3      | Found a glowing golden altar of the Shining One.
  1790 | D:3      | Became a worshipper of the Shining One
  1854 | D:3      | Reached skill level 1 in Armour
  1862 | D:3      | Reached XP level 5. HP: 32/34 MP: 5/5
  1919 | D:3      | Reached skill level 8 in Slings
  2624 | D:3      | Found a hide-covered altar of Uskayaw.
  2761 | D:4      | Found a staircase to the Ecumenical Temple.
  2860 | D:4      | Slain by an orc priest

Illustrated notes

Levels and vault maps discovered:
D:1:      dpeg_arrival_stone_temple_mockup, layout_basic
D:2:      layout_basic, lemuel_crystal_altar, first_ration
D:3:      layout_basic, tso_oasis_becter, marbit_many_paths
D:4:      layout_basic, nicolae_dithmenos_shadow_blocks,
          minmay_temple_entry_from_below_a, uniq_robin

Skill      XL: |  1  2  3  4  5 |
---------------+----------------+-----
Slings         | 6 7 8 |  8.7
Fighting       | 2 |  2.2
Armour         | 1 |  1.8
Dodging        | |  2.5
Stealth        | |  1.1

Action                   |  1- 3 |  4- 6 || total
-------------------------+-------+-------++-------
 Fire: Hunting sling     |    66 |    96 ||   162
  Use: Scroll            |       |     5 ||     5
  Eat: Chunk             |       |     6 ||     6
Armor: Leather armour    |     9 |     3 ||    12
Dodge: Dodged            |    18 |    18 ||    36

Table legend:
 A = Non-vault XP
 B = Vault XP
 C = Vault XP percentage of total XP
 D = Non-vault monster count
 E = Vault monster count
 F = Vault count percentage of total count
                 A         B        C        D         E       F
            +---------+---------+-------+---------+---------+-------
      Total |     250 |       1 |   0.4 |      61 |       1 |   1.6
            +---------+---------+-------+---------+---------+-------
        D:1 |      53 |       0 |   0.0 |      26 |       0 |   0.0
        D:2 |      72 |       0 |   0.0 |      19 |       0 |   0.0
        D:3 |      28 |       1 |   3.4 |      13 |       1 |   7.1
        D:4 |      97 |       0 |   0.0 |       3 |       0 |   0.0
            +---------+---------+-------+---------+---------+-------
